 Dungeon Crawl Stone Soup version 0.31-a0-544-gceb718ecc6 (webtiles) character file.

Game seed: 11543071658533981205

59 Ghostmaker01 the Trooper (level 3, -2/29 HPs)
             Began as a Demonspawn Fighter on Apr 12, 2023.
             Slain by Sigmund
             ... wielding a +0 scythe of protection
              (5 damage)
             ... on level 2 of the Dungeon on Aug 15, 2023.
             The game lasted 00:05:26 (1029 turns).

Ghostmaker01 the Trooper (Demonspawn Fighter)       Turns: 1029, Time: 00:05:27

Health: -2/29      AC: 10    Str: 18    XL:     3   Next: 78%
Magic:  3/3        EV:  6    Int:  9    God:
Gold:   92         SH:  8    Dex: 12    Spells: 2/2 levels left

rFire   . . .        a - +0 war axe
rCold   . . .        m - +0 kite shield
rNeg    . . .        k - +0 chain mail
rPois   +            (no helmet)
rElec   .            (no cloak)
rCorr   .            (no gloves)
SInv    .            f - +0 pair of boots
Will    .....        (no amulet) Stlth
                     h - ring of poison resistance
HPRegen 0.24/turn    o - ring of poison resistance
MPRegen 0.08/turn

%: no passive effects
@: mighty
A: spiny 1
a: no special abilities


You were on level 2 of the Dungeon.
You visited 1 branch of the dungeon, and saw 3 of its levels.

You collected 92 gold pieces.

Inventory:

Hand Weapons
 a - a +0 war axe (weapon)
Armour
 f - a +0 pair of boots (worn)
 k - a +0 chain mail (worn)
 m - a +0 kite shield (worn)
Jewellery
 h - a ring of poison resistance (left hand)
 o - a ring of poison resistance (right hand)
Scrolls
 b - a scroll of teleportation {unknown}
 g - 2 scrolls of poison {unknown}
 j - 2 scrolls of revelation {unknown}
 p - 2 scrolls of identify {unknown}
Potions
 c - a potion of curing {unknown}
 e - a potion of lignification {unknown}
 i - a potion of haste {unknown}
 n - 2 potions of mutation {unknown}
 q - a potion of cancellation {unknown}


   Skills:
 + Level 3.3 Fighting
 + Level 2.4 Axes
 + Level 3.3 Armour
 + Level 3.1 Shields


You had 2 spell levels left.
You didn't know any spells.
Your spell library contained the following spells:

 Spells                   Type           Power      Damage    Failure   Level
 Kiss of Death            Conj/Necr      0%         2d5       100%        1
 Slow                     Hex            0%         N/A       100%        1
 Confusing Touch          Hex            0%         N/A       100%        3
 Vampiric Draining        Necr           0%         2d6       100%        3
 Dispel Undead            Necr           0%         3d6       100%        4


Dungeon Overview and Level Annotations

Branches:
Dungeon (3/15)

Altars:

Annotations:
D:2 Sigmund


Innate Abilities, Weirdness & Mutations

You are partially covered in sharp spines.


Message History

HP restored.
There is a stone staircase leading up here.
You can't go down here!
You climb upwards.
Level annotation: Sigmund
There is a stone staircase leading down here.
You feel very mighty all of a sudden.
Sigmund points at you and mumbles some strange words.
The puff of flame hits you but does no damage.
Sigmund hits you with a +0 scythe of protection.
You slash Sigmund!
Sigmund is heavily wounded.
Sigmund hits you with a +0 scythe of protection!
You slash Sigmund!
Sigmund is almost dead.
Sigmund gestures at you while chanting.
You are confused.
You barely miss Sigmund.
Sigmund is almost dead.
Sigmund points at you and mumbles some strange words.
You resist with significant effort.
Sigmund points at you and mumbles some strange words.
The puff of flame hits you. Sigmund hits you but does no damage.
You hit Sigmund.
Sigmund is almost dead.
Sigmund points at you and mumbles some strange words.
The magic dart hits you.
* * * LOW HITPOINT WARNING * * *
You feel less confused. You block Sigmund's attack.
You closely miss Sigmund.
Sigmund is almost dead.
Sigmund gestures at you while chanting. The magic dart hits you.
* * * LOW HITPOINT WARNING * * *
You hit Sigmund.
Sigmund is almost dead.
Sigmund hits you with a +0 scythe of protection.
You die...

#...##........# #.....?... #
#.....###..####.#...# ...
#......##.......:{.## .#..
#.####.##.####.##...###...#
#. #..#.# #..##...#....#
#.#####.#.###............#
#.#..............##...#.##
######......>...@....###...#
......#.........@....##..###
>....†..................##
#######................##
#.#.####.#.....#......
###...## #.#.....###....
##......# #...........###
#.......###.#.....#....
.....................####
###......#############


You could see Sigmund.

Vanquished Creatures
  Jessica (D:2)
  A dart slug (D:1)
  A bat (D:1)
  4 endoplasms
  2 giant cockroaches (D:1)
  3 goblins (D:1)
  2 hobgoblins (D:1)
  3 jackals (D:1)
  2 quokkas (D:1)
  2 ball pythons (D:1)
  2 frilled lizards (D:1)
  A kobold (D:1)
  4 rats
28 creatures vanquished.

Notes
Turn   | Place    | Note
-------+----------+-------------------------------------------
     0 | D:1      | Ghostmaker01 the Demonspawn Fighter began the quest for the
                  | Orb.
     0 | D:1      | Reached XP level 1. HP: 18/18 MP: 1/1
     0 | D:1      | Upgraded the game from 0.30-a0-1066-g63dfefce0d to
                  | 0.31-a0-4-gefa6de2278
   109 | D:1      | Gained mutation: You are partially covered in sharp spines.
                  | [demonic ancestry]
   109 | D:1      | Reached XP level 2. HP: 24/24 MP: 2/2
   510 | D:1      | Reached XP level 3. HP: 29/29 MP: 3/3
   735 | D:1      | Upgraded the game from 0.31-a0-4-gefa6de2278 to
                  | 0.31-a0-544-gceb718ecc6
   849 | D:2      | Noticed Jessica
   852 | D:2      | Killed Jessica
   905 | D:2      | Noticed Sigmund
  1029 | D:2      | Slain by Sigmund

Illustrated notes

Levels and vault maps discovered:
D:1:      dpeg_arrival_windows_large_door, layout_loops_cross
D:2:      layout_rooms, uniq_jessica, uniq_sigmund
D:3:      minmay_door_path, layout_rooms, xom_redecorated, minmay_checkerbox

Skill      XL: |  1  2 |
---------------+-------+-----
Axes           | 2 |  2.4
Shields        | 3 |  3.1
Armour         | 3 |  3.3
Fighting       | |  3.3

Action                     || total
---------------------------++-------
  Melee: War axe           ||    59
    Use: Scroll            ||     1
         Potion            ||     1
 Armour: Scale mail        ||     5
         Chain mail        ||    20
  Dodge: Dodged            ||    17
  Block: Buckler           ||     8
         Kite shield       ||     9

Table legend: (Time is in decaauts)
 A = Elapsed time spent in this place.
 B = Non-inter-level travel time spent in this place.
 C = Inter-level travel time spent in this place.
 D = Time resting spent in this place.
 E = Time spent auto-exploring this place.
 F = Levels seen in this place.
 G = Mean time per level.
                   A        B        C        D        E       F      G
               +--------+--------+--------+--------+--------+-----+--------+
         Total |   1057 |   1013 |     44 |     51 |    621 |   3 |  352.3 |
       Dungeon |   1057 |   1013 |     44 |     51 |    621 |   3 |  352.3 |
               +--------+--------+--------+--------+--------+-----+--------+

Top non-repeatable levels by time:
     D:1: 803 daAuts
     D:2: 178 daAuts
     D:3: 74 daAuts
